 Dungeon Crawl Stone Soup version 0.32-a0-893-gf85d74f (webtiles) character file.

Game seed: 9306382447982650474

121 edsrzf the Cudgeller (level 5, -4/38 HPs)
             Began as a Coglin Gladiator on Apr 3, 2024.
             Slain by a wyvern (16 damage)
             ... on level 4 of the Dungeon.
             The game lasted 00:03:29 (2647 turns).

edsrzf the Cudgeller (Coglin Gladiator)             Turns: 2647, Time: 00:03:30

Health: -4/38      AC:  4    Str: 14    XL:     5   Next: 5%
Magic:  5/5        EV: 11    Int:  9    God:
Gold:   124        SH:  0    Dex: 16    Spells: 4/4 levels left

rFire   . . .        a - +0 flail {Thulani}
rCold   . . .        h - +1 dagger (venom) {Somchit}
rNeg    . . .        b - +0 leather armour
rPois   .            c - +0 helmet
rElec   .            (no cloak)
rCorr   .            (no gloves)
SInv    .            (no boots)
Will    .....        (amulet unavailable)
Stlth   +            (ring unavailable)
HPRegen 0.26/turn    (ring unavailable)
MPRegen 0.09/turn    (no gizmo)

%: no passive effects
@: revved
A: off-hand wielding, slow wielding, warmup strikes, no jewellery
a: Invent Gizmo


You were on level 4 of the Dungeon.
You visited 1 branch of the dungeon, and saw 4 of its levels.

You collected 150 gold pieces.
You spent 26 gold pieces at shops.

Inventory:

Hand Weapons
 a - a +0 flail (weapon) {Thulani}
 h - a +1 dagger of venom (offhand) {Somchit}
Missiles
 d - 2 throwing nets (quivered) {=f}
 e - a javelin
 m - 6 poisoned darts
Armour
 b - a +0 leather armour (worn)
 c - a +0 helmet (worn)
Wands
 r - a wand of quicksilver (5)
 s - a wand of mindburst (16)
Scrolls
 i - 4 scrolls of fear {unknown}
 j - 5 scrolls of identify {@r1}
 k - 2 scrolls of noise {unknown}
 l - a scroll of butterflies {unknown}
 p - a scroll of enchant armour {unknown}
 q - a scroll of immolation {unknown}
Potions
 f - a potion of mutation {unknown}
 g - a potion of lignification {unknown}
 n - a potion of curing {unknown}
 o - a potion of resistance {unknown}


   Skills:
 - Level 2.0 Fighting
 + Level 5.1 Maces & Flails
 - Level 1.7 Throwing
 - Level 2.6 Dodging


You had 4 spell levels left.
You didn't know any spells.
Your spell library contained the following spells:

 Spells                   Type           Power      Damage    Failure   Level
 Lesser Beckoning         Tloc           0%         N/A       61%         2
 Scorch                   Fire           0%         2d5       61%         2
 Maxwell's Portable Pile  Tloc           0%         2d(5-13)  83%         3
 Teleport Other           Tloc           0%         N/A       83%         3
 Flame Wave               Conj/Fire      0%         2d4       99%         4
 Summon Cactus Giant      Summ           0%         N/A       100%        6


Dungeon Overview and Level Annotations

Branches:
Dungeon (4/15)
 Temple: D:4-7

Altars:
The Shining One

Shops:
D:3 **(!(


Innate Abilities, Weirdness & Mutations

You can wield a second weapon in your off-hand.
It takes a long time for you to wield or remove held weapons.
Your first few attacks do less damage.
You cannot equip rings or amulets.


Message History

You kill the orc!
You sock Ijyb with your +0 flail!
Ijyb is moderately wounded.
You barely miss Ijyb with your +1 dagger of venom.
Ijyb hits you with a +2 dagger of flaming.
Ijyb burns you.
You hit Ijyb but do no damage.
Ijyb is moderately wounded.
You hit Ijyb but do no damage.
Ijyb is poisoned.
Ijyb barely misses you.
You closely miss Ijyb with your +1 dagger of venom.
Ijyb is moderately wounded.
You miss Ijyb with your +0 flail.
Ijyb zaps a wand.
Your mind is blasted!
You closely miss Ijyb with your +0 flail.
Ijyb is moderately wounded.
You hit Ijyb but do no damage.
Ijyb looks as sick as possible!
Ijyb closely misses you.
You hit Ijyb but do no damage.
Ijyb looks as sick as possible!
Ijyb is heavily wounded.
You closely miss Ijyb with your +0 flail.
Ijyb hits you but does no damage.
A dart slug comes into view.
You hit Ijyb with your +0 flail.
Ijyb is severely wounded.
You closely miss Ijyb with your +1 dagger of venom.
Ijyb barely misses you.
You hit Ijyb with your +1 dagger of venom.
Ijyb looks as sick as possible!
Ijyb is almost dead.
You hit Ijyb with your +0 flail.
You kill Ijyb!
Items here: )))) / [[[ †††.
s - a wand of mindburst (16)
The dart slug launches a dart at you. The slug dart hits you.
The dart slug launches a dart at you. The slug dart misses you.
You hit the dart slug with your +0 flail.
The dart slug is lightly wounded.
You hit the dart slug with your +1 dagger of venom.
The dart slug is poisoned.
You hit the dart slug but do no damage.
The dart slug is severely wounded.
You hit the dart slug with your +1 dagger of venom.
You kill the dart slug!
Your Maces & Flails skill increases to level 5!
Unknown command.
You start resting.
HP restored.
j - 5 scrolls of identify {@r1} (gained 1)
An adder comes into view.
An adder is nearby!
A wyvern comes into view.
Found 13 gold pieces.
The adder hisses angrily.
The wyvern hisses angrily.
An endoplasm comes into view.
The endoplasm quivers.
You hit the adder but do no damage.
You barely miss the adder with your +1 dagger of venom.
The adder bites you but does no damage.
You barely miss the adder with your +0 flail.
You closely miss the adder with your +1 dagger of venom.
The adder misses you.
An acid dragon comes into view.
You miss the adder with your +0 flail.
The acid dragon roars!
You hit the adder with your +1 dagger of venom.
The adder is poisoned.
The adder bites you but does no damage. x2
You hit the adder with your +1 dagger of venom.
The adder looks as sick as possible!
The adder is heavily wounded.
You sock the adder with your +0 flail!
You kill the adder!
The endoplasm jiggles.
You have reached level 5!
You barely miss the wyvern with your +1 dagger of venom.
You hit the wyvern but do no damage. The wyvern closely misses you.
The wyvern bites you!
A ball python comes into view.
You thump the wyvern with your +0 flail!
The wyvern is moderately wounded.
You closely miss the wyvern with your +1 dagger of venom.
The wyvern bites you.
Throw: 3 throwing nets {=f}
Press: ? - help, Shift-Dir - straight line, f - wyvern
Aim: a wyvern (moderately wounded, 57% to hit)
You throw a throwing net {=f}. The throwing net {=f} hits the wyvern.
The wyvern is caught in the net!
The wyvern is moderately wounded.
The wyvern struggles against the net.
You catch the helpless wyvern completely off-guard!
You hit the wyvern with your +1 dagger of venom.
The wyvern is poisoned.
The wyvern is heavily wounded.
You hit the wyvern with your +0 flail.
The wyvern struggles against the net. x2
The net rips apart, and the wyvern comes free!
You hit the wyvern but do no damage.
The wyvern is severely wounded.
You hit the wyvern with your +1 dagger of venom.
The wyvern bites you! x2
You die...

#.......#
#.##.#..######## #
#.#.........#
###.##............
.......#.######.#
#.##.##.#
#.......#
#..D....#
#..#@#..#
#...#k#..# #
SJ#..# #.$#..#
.#..... ##.##....
. #... #


You could see a wyvern (very poisoned), an acid dragon, an endoplasm and a ball
python.

Vanquished Creatures
  Ijyb (D:4)
  3 adders
  A dart slug (D:4)
  2 ribbon worms
  5 orcs (D:4)
  5 ball pythons
  4 bats
  5 endoplasms
  7 goblins
  3 hobgoblins
  6 jackals (D:2)
  A quokka (D:2)
  2 frilled lizards
  6 kobolds
  6 rats
57 creatures vanquished.

Notes
Turn   | Place    | Note
-------+----------+-------------------------------------------
     0 | D:1      | edsrzf the Coglin Gladiator began the quest for the Orb.
     0 | D:1      | Reached XP level 1. HP: 16/16 MP: 1/1
   117 | D:1      | Reached skill level 3 in Maces & Flails
   127 | D:1      | Reached XP level 2. HP: 21/22 MP: 2/2
   245 | D:1      | HP: 1/22 [poisoned by a goblin]
   690 | D:2      | Reached XP level 3. HP: 19/27 MP: 3/3
   929 | D:2      | Reached skill level 4 in Maces & Flails
  1141 | D:2      | Reached XP level 4. HP: 17/33 MP: 4/4
  1590 | D:3      | Found a glowing golden altar of the Shining One.
  1714 | D:3      | Found Vefar's General Store.
  1734 | D:3      | Found Molud's General Store.
  1814 | D:3      | Found Nemalae's Distillery.
  1851 | D:3      | Bought a scroll of identify for 26 gold pieces
  1968 | D:3      | Found Niquapim's Weapon Boutique.
  2283 | D:3      | Found Zedeol's Antique Weapon Shoppe.
  2497 | D:4      | Noticed Ijyb
  2511 | D:4      | Killed Ijyb
  2518 | D:4      | Reached skill level 5 in Maces & Flails
  2637 | D:4      | Noticed a wyvern
  2640 | D:4      | Noticed an acid dragon
  2643 | D:4      | Reached XP level 5. HP: 38/38 MP: 5/5
  2647 | D:4      | Slain by a wyvern

Illustrated notes

Levels and vault maps discovered:
D:1:      tarquinn_simple_flora_water_e, layout_rooms, hangedman_decor_growths
D:2:      layout_loops_cross
D:3:      layout_loops_corners, tso_metal_star, serial_shops,
          nicolae_shop_tiny_real_fake_doors, nicolae_shop_crystal, shop,
          nicolae_shop_tiny_waterfront, nicolae_shop_window_shopping
D:4:      layout_loops_cross, minmay_manual_mess, uniq_ijyb

Skill      XL: |  1  2  3  4 |
---------------+-------------+-----
Maces & Flails | 3 4 5 |  5.1
Fighting       | |  2.0
Throwing       | |  1.7
Dodging        | |  2.6

Action                     |  1- 3 |  4- 6 || total
---------------------------+-------+-------++-------
  Melee: Flail             |    78 |    39 ||   117
         Dagger            |    69 |    35 ||   104
  Throw: Throwing net      |       |     1 ||     1
   Stab: Sleeping          |       |     2 ||     2
         Held in net/web   |       |     1 ||     1
 Armour: Leather armour    |    56 |    16 ||    72
  Dodge: Dodged            |    46 |    13 ||    59

Table legend: (Time is in decaauts)
 A = Elapsed time spent in this place.
 B = Non-inter-level travel time spent in this place.
 C = Inter-level travel time spent in this place.
 D = Time resting spent in this place.
 E = Time spent auto-exploring this place.
 F = Levels seen in this place.
 G = Mean time per level.
                   A        B        C        D        E       F      G
               +--------+--------+--------+--------+--------+-----+--------+
         Total |   2654 |   2542 |    112 |    264 |   1837 |   4 |  663.5 |
       Dungeon |   2654 |   2542 |    112 |    264 |   1837 |   4 |  663.5 |
               +--------+--------+--------+--------+--------+-----+--------+

Top non-repeatable levels by time:
     D:3: 977 daAuts
     D:2: 930 daAuts
     D:1: 564 daAuts
     D:4: 183 daAuts
